 Dungeon Crawl Stone Soup version 0.17.2-1-ge4368a0 (webtiles) character file.

5128 jkugl the Basher (level 10, -4/58 HPs)
             Began as a Gargoyle Fighter on Sept 17, 2016.
             Was an Elder of Okawaru.
             Slain by Urug
             ... wielding a +0 great mace
              (19 damage)
             ... on level 10 of the Dungeon.
             The game lasted 00:21:27 (7377 turns).

jkugl the Basher (Gargoyle Fighter)                 Turns: 7377, Time: 00:21:27

Health: -4/58      AC: 16    Str: 33    XL:     10   Next: 58%
Magic:  10/10      EV:  5    Int:  6    God:    Okawaru [****..]
Gold:   281        SH: 12    Dex: 10    Spells: 0 memorised, 9 levels left

rFire  . . .     SeeInvis .     J - +0 flail (crush)
rCold  + . .     Clarity  .     F - +0 scale mail of Circular Logic {Str+5 Int-2}
rNeg   + . .     SustAt   .     c - +1 shield
rPois  ∞         Gourm    .     (helmet restricted)
rElec  +         Spirit   .     p - +0 cloak
rCorr  .         Warding  .     (no gloves)
rMut   .         Stasis   .     (no boots)
MR     .....                    (no amulet)
Stlth  ..........               h - ring of protection from cold
                                t - +5 ring of strength

@: not resistant to hostile enchantments, extremely unstealthy
A: big wings, horns 1, frail 1, negative energy resistance 1, electricity
resistance, unbreathing, petrification resistance, rot immunity, AC +7
a: Fly, Heroism, Renounce Religion


You were on level 10 of the Dungeon.
You worshipped Okawaru.
Okawaru was greatly pleased with you.
You were not hungry.

You visited 2 branches of the dungeon, and saw 11 of its levels.

You collected 506 gold pieces.
You spent 225 gold pieces at shops.

Inventory:

Hand Weapons
 a - a +1 flail
 J - a +0 flail of crushing (weapon)
Armour
 b - a +0 scale mail
 c - a +1 shield (worn)
 p - a +0 cloak (worn)
 F - the +0 scale mail of Circular Logic (worn) {Str+5 Int-2}
   (You bought it in a shop on level 8 of the Dungeon)

   It affects your strength (+5).
   It affects your intelligence (-2).
Jewellery
 g - a +3 ring of intelligence
 h - a ring of protection from cold (right hand)
 t - a +5 ring of strength (left hand)
 y - an uncursed ring of protection from cold
 E - an uncursed ring of fire
Wands
 x - a wand of digging (11)
 K - a wand of cold (9)
Scrolls
 f - 7 scrolls of identify
 i - 2 scrolls of teleportation
 m - 5 scrolls of remove curse
 o - a scroll of magic mapping
 r - 3 scrolls of amnesia
 z - a scroll of enchant armour
 B - 2 scrolls of enchant weapon
 M - 3 scrolls of immolation {unknown}
 O - a scroll of fear
Potions
 d - 3 potions of might
 e - a potion of magic {unknown}
 k - 3 potions of heal wounds
 l - 3 potions of curing
 q - 5 potions of degeneration {unknown}
 u - 2 potions of haste
 w - 2 potions of cure mutation {unknown}
 C - a potion of agility {unknown}
 G - a potion of poison {unknown}
 H - a potion of ambrosia {unknown}
 I - a potion of berserk rage {unknown}
 L - a potion of cancellation {unknown}
 P - a potion of brilliance {unknown}
Books
 s - a book of Annihilations

   Spells                             Type                      Level
   a - Poison Arrow                   Conjuration/Poison           6
   b - Chain Lightning                Conjuration/Air              8
   c - Lehudib's Crystal Spear        Conjuration/Earth            8
   d - Glaciate                       Conjuration/Ice              9
   e - Fire Storm                     Conjuration/Fire             9
 D - a Grand Grimoire

   Spells                             Type                      Level
   a - Monstrous Menagerie            Summoning                    6
   b - Summon Greater Demon           Summoning                    7
   c - Malign Gateway                 Summoning/Translocation      7
   d - Summon Horrible Things         Summoning                    8
 Q - a book of the Earth

   Spells                             Type                      Level
   a - Leda's Liquefaction            Hexes/Earth                  4
   b - Bolt of Magma                  Conjuration/Fire/Earth       5
   c - Statue Form                    Transmutation/Earth          6
   d - Iron Shot                      Conjuration/Earth            6
   e - Shatter                        Earth                        9
Comestibles
 j - 3 meat rations
 n - 2 royal jellies
 v - 7 fruits
 A - 4 bread rations
 N - a beef jerky


   Skills:
 + Level 8.5 Fighting
 + Level 9.4 Maces & Flails
 + Level 8.6 Armour
 + Level 3.7 Dodging
 - Level 6.4 Shields


You had 9 spell levels left.
You didn't know any spells.

Dungeon Overview and Level Annotations

Branches:
Dungeon (10/15)            Temple (1/1) D:5
   Lair: D:8-11         Orc: D:9-12

Altars:
Ashenzari
Cheibriados
Dithmenos
Elyvilon
Fedhas
Gozag
Kikubaaqudgha
Makhleb
Nemelex Xobeh
Okawaru
Qazlal
Ru
Sif Muna
Trog
Vehumet
Xom
Yredelemnul
Zin
The Shining One

Shops:
D:6 !   D:8 [

Annotations:
D:6 Prince Ribbit
D:10 Urug


Innate Abilities, Weirdness & Mutations

You are resistant to torment.
Your stone body is resilient (AC +7).
You are immune to poison.
You resist negative energy.
You are resistant to electric shocks.
You can survive without breathing.
You are immune to petrification.
You are immune to rotting.
Your large and strong wings let you fly indefinitely.
You have a pair of small horns on your head.
You are frail (-10% HP).


Message History

Urug is lightly wounded.
Urug closely misses you.
You hit Urug. You headbutt Urug, but do no damage.
Urug is lightly wounded.
Urug closely misses you.
You hit Urug but do no damage. You headbutt Urug, but do no damage.
Urug is lightly wounded.
You sock Urug! Your headbutt misses Urug.
Urug is moderately wounded.
Urug hits you with a great mace!!
* * * LOW HITPOINT WARNING * * *
You are too injured to fight recklessly!
You are too injured to fight recklessly!
You are too injured to fight recklessly!
You are too injured to fight recklessly!
There is a stone staircase leading up here.
You see here 4 javelins of penetration.
Urug squints, then shrugs and mutters, "Close enough."
Urug hits you with a great mace!!
You die...

#...........#.#
#.#.........#.#
#.#...........#
. +.........###
# #.........#
#.#.....#.#
#.#.....#.#
#.#.#+#o..#
#.#..@..#
#.####........
#< .....#...
#####.# . ...
##. #


You could see Urug.

Vanquished Creatures
  A hornet (shapeshifter) (D:9)
  Joseph (D:7)
  A troll (D:9)
  Grinder (D:6)
  Sigmund (D:2)
  Eustachio (D:6)
  2 orc warriors (D:6)
  5 black bears
  2 phantoms
  3 ice beasts
  5 ogres
  A centaur (D:7)
  2 big kobolds (D:9)
  Blork the orc (D:6)
  4 giant frogs
  A scorpion (D:6)
  4 killer bees (D:6)
  6 crimson imps
  A giant frog zombie (D:8)
  5 jellies
  4 hounds
  A centaur skeleton (D:8)
  A giant frog skeleton (D:4)
  3 orc priests
  Ijyb (D:2)
  A gnoll shaman (D:9)
  11 worker ants
  An iguana (D:5)
  5 orc wizards
  A killer bee zombie (D:8)
  2 hound zombies
  3 hound skeletons
  A worker ant zombie (D:6)
  7 adders
  5 gnolls
  A shadow imp (D:6)
  An adder zombie (D:7)
  3 worms
  2 adder skeletons
  5 giant geckos
  25 orcs
  3 giant cockroaches
  5 goblins
  8 hobgoblins
  6 jackals
  A quokka (D:8)
  8 bats
  A giant gecko skeleton (D:8)
  A giant newt (D:4)
  16 kobolds
  A quokka skeleton (D:6)
  A quokka zombie (D:6)
  7 rats
190 creatures vanquished.

Notes
Turn   | Place    | Note
--------------------------------------------------------------
     0 | D:1      | jkugl the Gargoyle Fighter began the quest for the Orb.
     0 | D:1      | Reached XP level 1. HP: 14/14 MP: 1/1
   162 | D:1      | Reached XP level 2. HP: 13/19 MP: 2/2
   438 | D:2      | Reached XP level 3. HP: 16/23 MP: 3/3
   441 | D:2      | Found a shattered altar of Ashenzari.
   444 | D:2      | Found a glowing silver altar of Zin.
   445 | D:2      | Found a shimmering altar of Xom.
   583 | D:2      | Noticed Sigmund
   983 | D:2      | Killed Sigmund
   983 | D:2      | Reached skill level 5 in Maces & Flails
   983 | D:2      | Reached XP level 4. HP: 26/28 MP: 4/4
   983 | D:2      | Reached XP level 5. HP: 29/32 MP: 5/5
  1016 | D:2      | Noticed Ijyb
  1027 | D:2      | Killed Ijyb
  1027 | D:2      | Reached skill level 6 in Maces & Flails
  1254 | D:3      | Found an ancient bone altar of Kikubaaqudgha.
  1289 | D:3      | Reached XP level 6. HP: 37/37 MP: 6/6
  2619 | D:4      | Gained mutation: You have a pair of small horns on your head. [potion of mutation]
  2619 | D:4      | Gained mutation: You are frail (-10% HP). [potion of mutation]
  2619 | D:4      | Gained mutation: Your large and strong wings let you fly indefinitely. [potion of mutation]
  2755 | D:5      | Entered Level 5 of the Dungeon
  2756 | D:5      | Found a staircase to the Ecumenical Temple.
  2781 | Temple   | Entered the Ecumenical Temple
  2914 | Temple   | Became a worshipper of Warmaster Okawaru
  2965 | D:5      | Reached XP level 7. HP: 38/38 MP: 7/7
  3877 | D:5      | Reached * piety under Okawaru
  3885 | D:5      | Reached XP level 8. HP: 28/43 MP: 8/8
  3888 | D:5      | Reached skill level 5 in Fighting
  3894 | D:5      | Reached skill level 5 in Armour
  4329 | D:6      | Noticed Eustachio
  4390 | D:6      | Noticed Prince Ribbit
  4420 | D:5      | Reached skill level 7 in Maces & Flails
  4587 | D:7      | Reached skill level 5 in Shields
  4847 | D:7      | Noticed Joseph
  4879 | D:7      | Killed Joseph
  4879 | D:7      | Reached ** piety under Okawaru
  5037 | D:8      | Reached XP level 9. HP: 47/49 MP: 9/9
  5082 | D:8      | Found a white marble altar of Elyvilon.
  5168 | D:8      | Reached skill level 8 in Maces & Flails
  5203 | D:8      | Found Obylaaf's Antique Armour Boutique.
  5206 | D:8      | Bought a citrine-encrusted scale mail for 225 gold pieces
  5216 | D:8      | Identified the cursed +0 scale mail of Circular Logic {Str+5 Int-2} (You bought it in a shop on level 8 of the Dungeon)
  5313 | D:8      | Reached skill level 1 in Dodging
  5499 | D:8      | Found a bloodstained altar of Trog.
  5574 | D:9      | Reached *** piety under Okawaru
  5628 | D:9      | Noticed a hornet
  5640 | D:9      | Killed a hornet
  5925 | D:9      | Found a sparkling altar of Nemelex Xobeh.
  5938 | D:9      | Reached XP level 10. HP: 46/56 MP: 10/10
  6021 | D:9      | Reached **** piety under Okawaru
  6198 | D:9      | Reached skill level 9 in Maces & Flails
  6479 | D:6      | Noticed Grinder
  6521 | D:6      | Killed Grinder
  6744 | D:6      | Killed Eustachio
  7025 | D:6      | Noticed Blork the orc
  7033 | D:6      | Killed Blork the orc
  7169 | D:6      | Found Lasil's Distillery.
  7308 | D:10     | Entered Level 10 of the Dungeon
  7350 | D:10     | Noticed Urug
  7377 | D:10     | Slain by Urug

Action                   |  1- 3 |  4- 6 |  7- 9 | 10-12 || total
-------------------------+-------+-------+-------+-------++-------
Melee: Flail             |    99 |   148 |   248 |   261 ||   756
  Use: Scroll            |     2 |     3 |     9 |     1 ||    15
       Potion            |       |     1 |       |       ||     1
  Eat: Chunk             |       |     3 |     4 |     6 ||    13
       Bread ration      |       |     1 |     1 |       ||     2
